 Dungeon Crawl Stone Soup version 0.30-a0-1014-g3371b13838 (webtiles) character file.

Game seed: 6930580291657293861

172054 MacCMillion the Spry (level 16, -8/146 HPs)
             Began as a Demigod Gladiator on Apr 6, 2023.
             Mangled by a jumping spider (10 damage)
             ... on level 1 of the Spider Nest.
             The game lasted 01:32:35 (44665 turns).

MacCMillion the Spry (Demigod Gladiator)           Turns: 44665, Time: 01:32:36

Health: -8/146     AC: 14    Str: 15    XL:     16   Next: 60%
Magic:  0/19       EV: 22    Int: 10    God:
Gold:   1089       SH:  0    Dex: 41    Spells: 15/15 levels left

rFire   . . .      SeeInvis .    T - +4 scimitar (flame)
rCold   . . .      Faith    .    K - +0 kite shield
rNeg    . . .      Spirit   +    A - +0 swamp dragon scales
rPois   +          Reflect  .    t - +1 hat
rElec   .          Rampage  .    R - +0 cloak
rCorr   .                        f - +0 pair of gloves
Will    +....                    Q - +0 pair of boots
Stlth   ++                       C - amulet of guardian spirit
HPRegen 0.44/turn                i - +5 ring of evasion
MPRegen 0.16/turn                o - +6 ring of dexterity

@: on berserk cooldown, held, slowed, studying Staves, very slow
A: high MP 1, forlorn, divine attributes, horns 1
}: 1/15 runes: decaying
a: no special abilities


You were on level 1 of the Spider Nest.
You visited 5 branches of the dungeon, and saw 27 of its levels.
You visited the Abyss 1 time.
You also visited: Ice Cave.

You collected 2522 gold pieces.
You spent 1433 gold pieces at shops.

Inventory:

Hand Weapons
 a - a +0 long sword
 P - a +4 long sword
 T - a +4 scimitar of flaming (weapon)
Missiles
 d - 3 throwing nets (quivered)
 y - 11 curare-tipped darts
Armour
 f - a +0 pair of gloves (worn)
 t - a +1 hat (worn)
 A - +0 swamp dragon scales (worn)
 K - a +0 kite shield (worn)
 Q - a +0 pair of boots (worn)
 R - a +0 cloak (worn)
Jewellery
 e - a ring of fire
 i - a +5 ring of evasion (left hand)
 o - a +6 ring of dexterity (right hand)
 s - a ring of ice
 B - a +6 ring of intelligence
 C - an amulet of guardian spirit (around neck)
 Y - a ring of poison resistance
Wands
 q - a wand of mindburst (7)
 r - a wand of digging (7)
 H - a wand of flame (12)
 L - a wand of paralysis (24)
 U - a wand of roots (30)
 V - a wand of acid (18)
 X - a wand of polymorph (5)
Scrolls
 b - 3 scrolls of vulnerability
 c - 4 scrolls of enchant armour
 g - 3 scrolls of magic mapping
 h - 8 scrolls of fear
 k - 2 scrolls of blinking
 n - 4 scrolls of torment
 v - 9 scrolls of teleportation
 x - a scroll of butterflies
 D - 5 scrolls of fog
 G - 5 scrolls of poison
 I - 7 scrolls of enchant weapon
 W - 2 scrolls of immolation
 Z - 2 scrolls of brand weapon
Potions
 l - 5 potions of might
 m - a potion of flight
 p - 5 potions of heal wounds
 u - 4 potions of mutation
 w - 4 potions of invisibility
 z - 4 potions of curing
 E - a potion of cancellation
 F - 3 potions of berserk rage
 J - 2 potions of attraction
 N - 4 potions of resistance
 O - 4 potions of lignification
 S - 2 potions of brilliance
Miscellaneous
 j - a tin of tremorstones (1/2)
 M - a condenser vane


   Skills:
 + Level 14.1 Fighting
 - Level 14.0 Long Blades
 - Level 1.7 Throwing
 - Level 6.6 Armour
 + Level 16.9 Dodging
 + Level 14.0 Shields
 - Level 7.0 Evocations


You had 15 spell levels left.
You didn't know any spells.
Your spell library contained the following spells:

 Spells                   Type           Power      Damage    Failure   Level
 Apportation              Tloc           0%         N/A       77%         1
 Sandblast                Erth           0%         2d4       77%         1
 Sting                    Tmut/Pois      0%         1d3       77%         1
 Passwall                 Tmut/Erth      0%         N/A       88%         2
 Poisonous Vapours        Pois/Air       0%         N/A       88%         2
 Sublimation of Blood     Necr           0%         N/A       88%         2
 Dazzling Flash           Conj/Hex       0%         N/A       98%         3
 Portal Projectile        Hex/Tloc       0%         N/A       98%         3
 Stone Arrow              Conj/Erth      0%         3d7       98%         3
 Tukima's Dance           Hex            0%         N/A       98%         3
 Anguish                  Hex/Necr       0%         N/A       100%        4
 Olgreb's Toxic Radiance  Pois           0%         N/A       100%        4
 Petrify                  Tmut/Erth      0%         N/A       100%        4
 Agony                    Necr           0%         N/A       100%        5
 Alistair's Intoxication  Tmut/Pois      0%         N/A       100%        5
 Blade Hands              Tmut           0%         N/A       100%        5
 Irradiate                Conj/Tmut      0%         3d11      100%        5
 Silence                  Hex/Air        0%         N/A       100%        5
 Enfeeble                 Hex            0%         N/A       100%        7


Dungeon Overview and Level Annotations

Branches:
Dungeon (15/15)            Temple (0/1) D:4            Lair (5/5) D:11
  Swamp (4/4) Lair:2       Spider (1/4) Lair:2        Slime (0/5) Lair:4
    Orc (2/2) D:11            Elf (0/3) Orc:2        Vaults (0/5) D:13
 Depths (0/4) D:15          IceCv (visited)

Shops:
D:4 (   D:7 ?   D:8 (   D:13 [   Orc:1 :(   Orc:2 [(!:?

Annotations:
D:2 1 runed translucent door, Crazy Yiuf
D:7 1 exclusion
D:13 2 transporters, Dahifo's ghost, journeyman TrMo
D:14 3 runed translucent doors
Lair:4 exclusion: 2 oklob plants
Lair:5 exclusion: 2 doors
Swamp:4 1 runed translucent door, vampirul's ghost, adept GrFi
Orc:1 2 runed translucent doors, Ishchenko's ghost, journeyman HOFi


Innate Abilities, Weirdness & Mutations

You have an increased reservoir of magic. (+10% MP)
You shall have no god before yourself.
Your divine heritage dramatically boosts your attributes as you level up.
You have a pair of small horns on your head.


Message History

The jumping spider bites you but does no damage.
The tarantella misses you.
The jumping spider completely misses you.
The jumping spider misses you. The jumping spider pounces on you!
* * * LOW HITPOINT WARNING * * *
You are even more entangled.
The jumping spider completely misses you.
The jumping spider pounces on you!
* * * LOW HITPOINT WARNING * * *
The jumping spider completely misses you.
The tarantella completely misses you.
The jumping spider pounces on you but does no damage.
The jumping spider bites you.
* * * LOW HITPOINT WARNING * * *
The moth of wrath goads the jumping spider on!
The jumping spider goes berserk!
Unknown command.
Unknown command.
You struggle to detach yourself from the web.
You are no longer berserk.
You are exhausted.
You feel yourself slow down.
The jumping spider pounces on you but does no damage.
The jumping spider barely misses you.
The jumping spider pounces on you but does no damage.
The jumping spider misses you.
The jumping spider completely misses you.
The jumping spider bites you but does no damage.
The tarantella barely misses you. The jumping spider misses you.
The jumping spider bites you but does no damage.
The jumping spider barely misses you. The jumping spider closely misses you.
The jumping spider pounces on you but does no damage.
The jumping spider closely misses you.
Unknown command.
You feel better. The jumping spider pounces on you!
* * * LOW HITPOINT WARNING * * *
You are even more entangled.
The jumping spider bites you!
* * * LOW HITPOINT WARNING * * *
The tarantella closely misses you. The jumping spider pounces on you!
You die...

#####....#<†.....#
#.#.##...#†......#
#....#...†..†..†)###
#....#...........^.# ...
##....#....(........# ....
#.....#.............#.....
#...............y........#
###.............ss......>.
####..........@s..[.....
####.####..ss........ ###
##....^...... ####........
......... s...^....
....... .....


You could see a moth of wrath, 4 jumping spiders and a tarantella (berserk).

Vanquished Creatures
  the Lernaean hydra (Swamp:4)
  Rupert (Lair:3)
  Mlioglotl (Swamp:4)
  A caustic shrike zombie (D:15)
  A very ugly thing (IceCv)
  A caustic shrike skeleton (D:15)
  4 eleionomae
  Azrael (D:15)
  3 bunyips (Swamp:3)
  A dire elephant (Lair:5)
  The ghost of vampirul the Martial Artist, a journeyman DsFi of Okawaru (D:12)
  An entropy weaver (Lair:2)
  2 shambling mangroves
  A ghost crab (Swamp:3)
  22 hydras
  A spriggan air mage (Swamp:4)
  A caustic shrike simulacrum (IceCv)
  An ogre mage (D:14)
  2 catoblepae
  An anaconda (Lair:4)
  2 dancing weapons
  Erica (D:10)
  6 two-headed ogres
  11 boulder beetles
  5 centaur warriors
  3 death yaks (Lair:5)
  6 alligators
  3 orc high priests (Orc:2)
  13 spriggans
  Sonja (Lair:2)
  3 skysharks
  A skeletal warrior (D:15)
  A deep troll (D:13)
  4 goliath frogs
  2 obsidian statues (IceCv)
  8 spriggan druids
  A spriggan simulacrum (IceCv)
  5 orc knights
  11 swamp dragons
  A phantasmal warrior (D:15)
  3 deep elf pyromancers
  A lindwurm (Lair:4)
  10 bog bodies
  A steelbarb worm (Lair:2)
  A necromancer (D:15)
  2 will-o-the-wisps (Swamp:4)
  A frost giant zombie (D:15)
  11 ugly things
  A manticore (D:15)
  6 orc sorcerers
  3 wolf spiders
  6 cyclopes
  20 slime creatures
  12 black mambas
  13 elephants
  A cane toad (shapeshifter) (D:14)
  A torpor snail (Lair:4)
  13 cane toads
  6 rime drakes
  A kobold demonologist (D:11)
  2 efreet (D:14)
  14 komodo dragons
  4 golden dragon simulacra (IceCv)
  6 freezing wraiths (IceCv)
  2 ice devils (D:12)
  A guardian mummy (D:15)
  5 trolls
  3 meliai (D:13)
  15 hornets
  A tarantella (Spider:1)
  4 tyrant leeches
  23 blink frogs
  10 dream sheep
  5 jumping spiders
  4 culicivoras
  3 shadows
  2 wyverns
  6 centaur simulacra
  A dire elephant simulacrum (IceCv)
  2 basilisks
  3 fire elementals (D:14)
  25 yaks
  2 fire bats (Lair:2)
  2 wraiths
  7 redbacks
  11 vampire mosquitoes
  A steam dragon (D:9)
  A warg (Orc:1)
  Menkaure (D:4)
  A minotaur simulacrum (IceCv)
  15 swamp worms
  A glowing shapeshifter zombie (D:15)
  Duvessa (D:7)
  5 hell hounds
  A hydra simulacrum (IceCv)
  19 water moccasins
  4 acid dragons
  8 swamp drakes (Swamp:4)
  A meliai simulacrum (D:12)
  3 ice beasts
  A sky beast (D:7)
  18 orc warriors
  4 ettin simulacra (IceCv)
  3 black bears
  5 ogres
  10 wolves
  9 centaurs
  A phantom (D:11)
  2 kobold brigands
  3 gnoll sergeants
  6 scorpions
  8 bullfrogs
  2 deep troll simulacra (IceCv)
  13 wights
  2 troll zombies (D:11)
  Dowan (D:7)
  9 killer bees
  7 howler monkeys
  7 electric eels
  4 lava snakes (D:10)
  4 jellies
  17 orc priests
  5 hounds
  2 sleepcaps
  6 iguanas
  17 orc wizards
  4 ogre zombies (D:11)
  A boggart simulacrum (D:12)
  Robin (D:2)
  9 adders
  19 gnolls
  3 shadow imps
  3 ufetubi
  2 worms
  4 dart slugs
  34 orcs
  8 endoplasms
  5 giant cockroaches
  18 goblins
  12 hobgoblins
  8 jackals
  A quokka (D:1)
  4 ball pythons
  4 bats
  5 goblin zombies (D:11)
  3 hobgoblin zombies
  11 kobolds
  3 orc skeletons (D:11)
  8 orc zombies (D:11)
  4 rats
814 creatures vanquished.

Vanquished Creatures (others)
  A bog body (Swamp:4)
  3 bloated husks
  A swamp worm (Swamp:3)
  A swamp drake (Swamp:2)
  An orc (Orc:1)
  A bush (Lair:5)
  A fire vortex (Lair:2)
  8 foxfires (Swamp:4)
  49 fungi
  85 plants
  6 toadstools (D:1)
  10 withered plants (D:15)
167 creatures vanquished.

Grand Total: 981 creatures vanquished

Notes
Turn   | Place    | Note
-------+----------+-------------------------------------------
     0 | D:1      | MacCMillion the Demigod Gladiator began the quest for the
                  | Orb.
     0 | D:1      | Reached XP level 1. HP: 17/17 MP: 3/3
   397 | D:1      | Reached XP level 2. HP: 23/24 MP: 4/4
   884 | D:2      | Noticed a howler monkey
   906 | D:1      | Killed a howler monkey
   907 | D:1      | Reached XP level 3. HP: 13/29 MP: 5/5
  1120 | D:2      | Reached XP level 4. HP: 35/36 MP: 6/6
  1275 | D:2      | Found a runed translucent door.
  1276 | D:2      | Noticed Crazy Yiuf
  1431 | D:2      | Reached skill level 5 in Long Blades
  1763 | D:3      | You fall into a shaft and drop 1 floor!
  1922 | D:4      | Reached XP level 5. HP: 28/41 MP: 7/7
  2354 | D:4      | Noticed an ice beast
  2425 | D:4      | Noticed Menkaure
  2619 | D:3      | Noticed Robin
  2715 | D:2      | Killed Robin
  3585 | D:3      | Reached XP level 6. HP: 39/48 MP: 8/8
  3720 | D:4      | Killed Menkaure
  3939 | D:4      | Found Wuakeb's Weapon Shop.
  3965 | D:4      | Reached XP level 7. HP: 24/53 MP: 9/9
  4794 | D:4      | Found a staircase to the Ecumenical Temple.
  4876 | D:5      | Entered Level 5 of the Dungeon
  5882 | D:6      | Reached XP level 8. HP: 49/60 MP: 10/10
  6776 | D:5      | Reached skill level 10 in Long Blades
  6840 | D:6      | Identified the +1 robe "Netz" {Will+ Dex-3 SInv Archmagi}
  6888 | D:6      | Reached skill level 3 in Dodging
  6979 | D:6      | Identified the +1 dagger of Oxypokh {antimagic, rN+ Stlth+}
  7605 | D:7      | Noticed a troll
  7904 | D:7      | Noticed a boulder beetle
  7999 | D:7      | Killed a boulder beetle
  8000 | D:7      | Reached skill level 4 in Dodging
  8000 | D:7      | Reached XP level 9. HP: 71/71 MP: 11/11
  8981 | D:7      | Found Cilebb's Magic Scroll Shop.
  9057 | D:7      | Bought a scroll of teleportation for 42 gold pieces
  9223 | D:7      | Reached skill level 5 in Dodging
  9613 | D:7      | Noticed a deep elf pyromancer
  9644 | D:7      | Killed a deep elf pyromancer
 10274 | D:7      | Reached skill level 5 in Fighting
 10480 | D:7      | Noticed Duvessa
 10491 | D:7      | Noticed Dowan
 10508 | D:7      | Killed Duvessa
 10516 | D:7      | Killed Dowan
 10862 | D:7      | Reached XP level 10. HP: 81/81 MP: 13/13
 11167 | D:8      | Found Cesacej's Weapon Emporium.
 11893 | D:8      | Reached skill level 6 in Dodging
 13388 | D:10     | Entered Level 10 of the Dungeon
 13398 | D:10     | Noticed Erica
 13423 | D:10     | Killed Erica
 13761 | D:10     | Reached skill level 7 in Dodging
 13823 | D:10     | Identified the +1 leather armour of Woaxead {rF+ rN+ SInv}
 14150 | D:10     | Reached skill level 1 in Shields
 14376 | D:10     | Identified the +10 short sword of the Bespelling Seeker
                  | {venom, rC- Int+5}
 14651 | D:11     | Reached XP level 11. HP: 57/89 MP: 14/14
 14977 | D:11     | Found a staircase to the Lair.
 15012 | D:11     | Found a staircase to the Orcish Mines.
 15146 | D:11     | Identified a scroll of acquirement
 15147 | D:11     | Acquired the +0 buckler of Theory {+Blink Dex-4 Slay+3}
 15912 | Lair:1   | Entered Level 1 of the Lair of Beasts
 15943 | Lair:1   | Noticed a catoblepas
 15957 | Lair:1   | Killed a catoblepas
 16179 | Lair:1   | Reached skill level 5 in Shields
 16987 | Lair:2   | Noticed a seven-headed hydra
 17018 | Lair:2   | Killed a four-headed hydra
 17203 | Lair:2   | Noticed an eight-headed hydra
 17218 | Lair:2   | Killed a two-headed hydra
 17422 | Lair:2   | Noticed Sonja
 17905 | Lair:2   | Noticed a six-headed hydra
 18028 | Lair:2   | Killed a one-headed hydra
 18029 | Lair:2   | Reached skill level 1 in Evocations
 18095 | Lair:2   | Noticed a six-headed hydra
 18104 | Lair:2   | Killed a two-headed hydra
 18116 | Lair:2   | Found a staircase to the Swamp.
 18439 | Lair:2   | Found a hole to the Spider Nest.
 18782 | Abyss:2  | Cast into level 2 of the Abyss (Sonja)
 18880 | Lair:2   | Escaped the Abyss
 18882 | Lair:2   | Killed Sonja
 18883 | Lair:2   | Reached XP level 12. HP: 87/95 MP: 15/15
 19680 | Lair:3   | Reached skill level 5 in Evocations
 19792 | Lair:3   | Noticed a boulder beetle
 19805 | Lair:3   | Killed a boulder beetle
 19890 | Lair:3   | Noticed Rupert
 19911 | Lair:3   | Killed Rupert
 19912 | Lair:3   | Reached skill level 10 in Shields
 20423 | Lair:3   | Noticed a boulder beetle
 20439 | Lair:3   | Killed a boulder beetle
 21279 | Lair:4   | Reached skill level 8 in Dodging
 21286 | Lair:4   | Noticed a six-headed hydra
 21455 | Lair:4   | Noticed a five-headed hydra
 21467 | Lair:4   | Killed a one-headed hydra
 21508 | Lair:4   | Noticed an anaconda
 21517 | Lair:4   | Killed an anaconda
 21580 | Lair:4   | Reached XP level 13. HP: 90/105 MP: 14/16
 22127 | Lair:4   | Found a staircase to the Slime Pits.
 22509 | Lair:5   | Entered Level 5 of the Lair of Beasts
 22712 | Lair:4   | Reached skill level 9 in Dodging
 23946 | Lair:5   | Noticed a dire elephant
 23968 | Lair:5   | Killed a dire elephant
 24444 | Lair:5   | Reached skill level 10 in Dodging
 25305 | Lair:5   | Reached skill level 1 in Armour
 25315 | Lair:5   | Reached XP level 14. HP: 73/118 MP: 10/17
 25850 | Orc:1    | Entered Level 1 of the Orcish Mines
 25854 | Orc:1    | Found Xunwacw's Self-Improvement Boutique.
 26403 | Orc:1    | Found a runed translucent door.
 26406 | Orc:1    | Noticed a balrug
 26439 | Orc:1    | Found a runed translucent door.
 26439 | Orc:1    | Noticed Ishchenko's ghost (journeyman HOFi)
 26932 | Orc:1    | Found Xef Ceck's Weapon Boutique.
 27363 | Orc:2    | Entered Level 2 of the Orcish Mines
 27528 | Orc:2    | Found a staircase to the Elven Halls.
 27536 | Orc:2    | Found Ytar's Magic Scroll Shoppe.
 27577 | Orc:2    | Bought a scroll of identify for 28 gold pieces
 27577 | Orc:2    | Bought a scroll of identify for 28 gold pieces
 27577 | Orc:2    | Bought a scroll of identify for 28 gold pieces
 27724 | Orc:2    | Found Mestul's Book Emporium.
 27766 | Orc:2    | Reached skill level 5 in Armour
 28403 | Orc:2    | Found Vuutt's Distillery.
 28418 | Orc:2    | Found Ciulez's Weapon Shop.
 28487 | Orc:2    | Found Ytyqa's Antique Armour Shop.
 28493 | Orc:2    | Bought a shiny helmet for 187 gold pieces
 28592 | Orc:1    | Bought a manual of Dodging for 1120 gold pieces
 29037 | D:12     | Reached skill level 10 in Fighting
 29202 | D:12     | Found a runed translucent gate.
 29202 | D:12     | Found a runed translucent gate.
 29202 | D:12     | Found a runed translucent gate.
 29421 | D:12     | Noticed vampirul's ghost (journeyman DsFi)
 29886 | D:13     | Reached skill level 11 in Dodging
 30288 | D:13     | Found a gate to the Vaults.
 30559 | D:13     | Found Fuotuemm's Armour Emporium.
 30836 | D:13     | Found a transporter.
 30839 | D:13     | Found a transporter.
 30839 | D:13     | Noticed Dahifo's ghost (journeyman TrMo)
 31567 | D:14     | Found a frozen archway.
 31757 | IceCv    | Entered an ice cave
 32977 | IceCv    | Reached skill level 12 in Dodging
 33412 | IceCv    | Found the +0 pair of fencer's gloves {Riposte Dex+3}
 33412 | IceCv    | Noticed an Ice Fiend
 33412 | IceCv    | Noticed an Ice Fiend
 34249 | D:14     | Found a runed translucent gate.
 34249 | D:14     | Found a runed translucent gate.
 34250 | D:14     | Found a runed translucent gate.
 34414 | D:14     | Reached XP level 15. HP: 129/129 MP: 18/18
 34627 | D:15     | Entered Level 15 of the Dungeon
 34638 | D:15     | Noticed Azrael
 35150 | D:12     | Killed vampirul's ghost
 35157 | D:12     | Reached skill level 13 in Dodging
 36454 | D:15     | Killed Azrael
 36602 | D:14     | Reached skill level 14 in Dodging
 37164 | D:15     | Found a staircase to the Depths.
 37667 | Swamp:1  | Entered Level 1 of the Swamp
 37942 | Swamp:1  | Reached skill level 15 in Dodging
 38200 | Swamp:1  | Identified the +4 hand axe "Qyangahe" {drain, rElec rC+
                  | Dex-2 SInv}
 41047 | Swamp:3  | Reached skill level 16 in Dodging
 41510 | Swamp:4  | Entered Level 4 of the Swamp
 41516 | Swamp:4  | Reached XP level 16. HP: 144/144 MP: 19/19
 42456 | Swamp:4  | Found a runed translucent door.
 42457 | Swamp:4  | Noticed vampirul's ghost (adept GrFi)
 42457 | Swamp:4  | Noticed a tentacled monstrosity
 42480 | Swamp:4  | Noticed Mlioglotl
 42487 | Swamp:4  | Gained mutation: You sometimes lose your temper in combat.
                  | [a neqoxec]
 42490 | Swamp:4  | Gained mutation: Your spells are a little easier to cast,
                  | but a little less powerful. [a neqoxec]
 42495 | Swamp:4  | Killed Mlioglotl
 42681 | Swamp:3  | Lost mutation: You sometimes lose your temper in combat.
                  | [potion of mutation]
 42681 | Swamp:3  | Lost mutation: Your spells are a little easier to cast, but
                  | a little less powerful. [potion of mutation]
 42681 | Swamp:3  | Gained mutation: You have a pair of small horns on your
                  | head. [potion of mutation]
 43403 | Swamp:4  | Noticed the 27-headed Lernaean hydra
 43413 | Swamp:4  | Killed the 24-headed Lernaean hydra
 43732 | Swamp:4  | Got a decaying rune of Zot
 44047 | Spider:1 | Entered Level 1 of the Spider Nest
 44665 | Spider:1 | HP: 2/146 [jumping spider (7)]
 44665 | Spider:1 | Mangled by a jumping spider

Illustrated notes

Levels and vault maps discovered:
D:1:      shiori_arrival_whats_in_store_for_you, layout_basic,
          ebering_ecumenical_altar_sacrificial, minmay_gold_behind_fungi
D:2:      layout_rooms, minmay_heptomino_w4, uniq_crazy_yiuf_cottage
D:3:      layout_basic, vehumet_altar_wand_db, nicolae_overflow_hidden_temple,
          uniq_robin
D:4:      layout_rooms, minmay_temple_entry_fiery, serial_shops, shop,
          kennysheep_generic_room_13, uniq_menkaure
D:5:      layout_rooms
D:6:      layout_cave_pools
D:7:      nzn_winding_woodlands_small [nzn_winding_woodlands_5x15_garden,
          nzn_winding_woodlands_center_pierced_h,
          nzn_winding_woodlands_5x15_pool], layout_gridville, serial_shops,
          shop, hangedman_abyss_or_decor_lesser_grid, uniq_duvessa
D:8:      layout_basic, serial_shops, nicolae_shop_bloodbath_and_beyond,
          minmay_crystal_room
D:9:      layout_basic, minmay_misc_feat_x
D:10:     layout_big_octagon, uniq_erica
D:11:     layout_roguey, lair_entry_dummy, zombieorc1_lemuel
D:12:     layout_rooms, gammafunk_ghost_icy, minivault_14
D:13:     dreamdust_cave_troll, layout_irregular_city, erik_vaults_1,
          gammafunk_ghost_hive, serial_shops, nicolae_shop_waterfront
D:14:     layout_basic, ploomutoo_gammafunk_ghost_potion_laboratory,
          portal_ice_cave_entry_pillars_2, evilmike_butchery
D:15:     gammafunk_depths_entry_grave, layout_cave_pools,
          grunt_decor_one_mirror, uniq_azrael
Lair:1:   layout_regular_city, basic_altar
Lair:2:   layout_gridlike, palyth_hydra_swamp_entry,
          spider_nest_entry_web_field, serial_bayou_pond_b, uniq_sonja
Lair:3:   layout_regular_city, uniq_rupert
Lair:4:   beast_lair_carwin_large_4, layout_small_grid,
          minmay_slime_entry_oklob_enclosed
Lair:5:   evil_forest, layout_loops_ring, serial_bayou_lake_a,
          serial_bayou_shore_a
Swamp:1:  layout_basic_swamp, evilmike_swamp_ruin_house_5, swamp_pool2,
          infiniplex_staircase_pool
Swamp:2:  layout_falls_marsh, nicolae_swamp_long_stream, swamp_pool4,
          nicolae_swamp_godswood, hangedman_swamp_blocks
Swamp:3:  layout_basic_swamp, hangedman_swamp_diagram
Swamp:4:  grunt_swamp_rune_castle, layout_basic_swamp,
          ebering_ghost_inner_flame, swamp_pool1, uniq_mlioglotl
Spider:1: layout_spider_delve
Orc:1:    dreamdust_dug_too_deep, layout_caves, hellmonk_ghost_happy_afterlife,
          serial_shops, nicolae_shop_trees, nicolae_shop_self_help
Orc:2:    st_orc_elflike, layout_diamond_mine, serial_shops, shop

Skill      XL: |  1  2  3  4  5  6  7  8  9 10 11 12 13 14 15 16 |
---------------+-------------------------------------------------+-----
Long Blades    | 3 4 5 6 7 9 11 12 13 14 | 14.0
Fighting       | 3 5 7 9 11 13 14 | 14.1
Dodging        | 4 5 7 8 10 12 16 | 16.9
Shields        | 2 8 10 12 13 14 | 14.0
Evocations     | 3 5 7 |  7.0
Armour         | 1 6 |  6.6
Throwing       | |  1.7

Action                     |  1- 3 |  4- 6 |  7- 9 | 10-12 | 13-15 | 16-18 || total
---------------------------+-------+-------+-------+-------+-------+-------++-------
  Melee: Long sword        |   117 |   181 |   350 |   119 |       |       ||   767
         Punch             |       |     3 |     4 |     1 |       |       ||     8
         Scimitar          |       |       |       |   536 |  1528 |   334 ||  2398
         Headbutt          |       |       |       |       |       |    46 ||    46
  Throw: Dart              |       |       |    22 |    27 |    24 |       ||    73
         Throwing net      |       |       |     2 |       |       |       ||     2
         Javelin           |       |       |       |     1 |       |       ||     1
  Evoke: Wand              |       |       |       |     3 |    12 |       ||    15
         Condenser vane    |       |       |       |     1 |     1 |       ||     2
         Tin of tremorston |       |       |       |       |       |     1 ||     1
    Use: Scroll            |       |       |     8 |    12 |    14 |       ||    34
         Potion            |       |       |       |     1 |     2 |     3 ||     6
   Stab: Sleeping          |       |     1 |     1 |     9 |    15 |       ||    26
         Distracted        |       |     1 |       |     2 |     4 |     2 ||     9
         Held in net/web   |       |       |     1 |       |       |       ||     1
         Paralysed         |       |       |       |     3 |       |       ||     3
         Confused          |       |       |       |       |       |     1 ||     1
 Armour: Leather armour    |    25 |    49 |    42 |       |       |       ||   116
         Ring mail         |       |       |    16 |     4 |       |       ||    20
         Acid dragon scale |       |       |       |    77 |   126 |       ||   203
         Swamp dragon scal |       |       |       |       |     3 |    63 ||    66
  Dodge: Dodged            |   114 |   183 |   306 |   503 |   913 |   501 ||  2520
  Block: Kite shield       |       |       |       |    83 |  1073 |   362 ||  1518
         Buckler           |       |       |       |   135 |     5 |       ||   140

Table legend: (Time is in decaauts)
 A = Elapsed time spent in this place.
 B = Non-inter-level travel time spent in this place.
 C = Inter-level travel time spent in this place.
 D = Time resting spent in this place.
 E = Time spent auto-exploring this place.
 F = Levels seen in this place.
 G = Mean time per level.
                   A        B        C        D        E       F      G
               +--------+--------+--------+--------+--------+-----+--------+
         Total |  44616 |  42144 |   2472 |  20059 |  14204 |  29 | 1538.5 |
       Dungeon |  22995 |  21695 |   1300 |  10737 |   7156 |  15 | 1533.0 |
          Lair |  10467 |   9859 |    608 |   4174 |   3802 |   5 | 2093.4 |
         Swamp |   6227 |   5836 |    391 |   2825 |   1803 |   4 | 1556.8 |
   Spider Nest |    218 |    218 |      0 |     94 |     33 |   1 |  218.0 |
  Orcish Mines |   2882 |   2710 |    172 |    878 |   1221 |   2 | 1441.0 |
         Abyss |     97 |     97 |      0 |      0 |     67 |   1 |   97.0 |
      Ice Cave |   1726 |   1726 |      0 |   1351 |    120 |   1 | 1726.0 |
               +--------+--------+--------+--------+--------+-----+--------+

Top non-repeatable levels by time:
     D:7: 2620 daAuts
  Lair:2: 2578 daAuts
    D:14: 2496 daAuts
  Lair:5: 2363 daAuts
  Lair:4: 2276 daAuts
     D:4: 2254 daAuts
 Swamp:3: 2126 daAuts
     D:6: 1863 daAuts
  Lair:3: 1859 daAuts
   IceCv: 1726 daAuts
   Orc:1: 1718 daAuts
    D:13: 1707 daAuts
 Swamp:2: 1669 daAuts
     D:8: 1625 daAuts
    D:11: 1567 daAuts
